 Dungeon Crawl Stone Soup version 0.31-a0-237-g2d982f9f85 (webtiles) character file.

Game seed: 17973623792418375464

184 qw the Shooter (level 5, -1/45 HPs)
             Began as a Minotaur Hexslinger on July 10, 2023.
             Slain by an ogre
             ... wielding a +0 giant spiked club
              (16 damage)
             ... on level 4 of the Dungeon.
             The game lasted 00:01:02 (2672 turns).

qw the Shooter (Minotaur Hexslinger)                Turns: 2672, Time: 00:01:03

Health: -1/45      AC:  6    Str: 12    XL:     5   Next: 36%
Magic:  5/5        EV: 11    Int: 10    God:
Gold:   159        SH:  0    Dex: 15    Spells: 5/6 levels left

rFire   . . .        Y - +2 sling
rCold   . . .        (no shield)
rNeg    . . .        h - +0 ring mail
rPois   .            (helmet restricted)
rElec   .            f - +0 cloak
rCorr   .            (no gloves)
SInv    .            (no boots)
Will    .....        (no amulet)
Stlth   +            (no ring)
HPRegen 0.27/turn    (no ring)
MPRegen 0.09/turn

%: no passive effects
@: no status effects
A: horns 2, retaliatory headbutt
a: no special abilities


You were on level 4 of the Dungeon.
You visited 1 branch of the dungeon, and saw 4 of its levels.

You collected 159 gold pieces.


Innate Abilities, Weirdness & Mutations

You have a pair of horns on your head.
You reflexively headbutt those who attack you in melee.


   Skills:
 - Level 3.0 Fighting
 + Level 5.4 Ranged Weapons
 - Level 1.0 Armour
 - Level 2.1 Dodging
 - Level 1.0 Spellcasting
 - Level 2.0 Hexes


You had 5 spell levels left.
You knew the following spells:

 Your Spells              Type           Power      Damage    Failure   Level
a - Slow                  Hex            16%        N/A       34%         1

Your spell library contained the following spells:

 Spells                   Type           Power      Damage    Failure   Level
 Inner Flame              Hex/Fire       2%         N/A       83%         3
 Portal Projectile        Hex/Tloc       4%         N/A       83%         3
 Cause Fear               Hex            2%         N/A       98%         4

Inventory:

Hand Weapons
 Y - a +2 sling (weapon)
Armour
 f - a +0 cloak (worn)
 h - a +0 ring mail (worn)
Scrolls
 g - a scroll of identify
Potions
 b - a potion of curing
 c - a potion of haste
 d - a potion of heal wounds {unknown}
 e - a potion of lignification {unknown}
 k - a potion of magic {unknown}

Dungeon Overview and Level Annotations

Branches:
Dungeon (4/15)
 Temple: D:4-7

Altars:

Annotations:
D:3 1 runed translucent door, Crazy Yiuf


Message History

The sling bullet hits the howler monkey.
The howler monkey is moderately wounded.
You feel yourself slow down.
You shoot a sling bullet.
The sling bullet hits the howler monkey.
The howler monkey is heavily wounded.
An ogre comes into view. It is wielding a +0 giant spiked club.
You shoot a sling bullet.
The sling bullet barely misses the howler monkey.
The ogre shouts!
You shoot a sling bullet.
The sling bullet hits the howler monkey!
The howler monkey is almost dead.
The howler monkey hits you.
You shoot a sling bullet.
The sling bullet completely misses the howler monkey.
The sling bullet hits the ogre.
The ogre is lightly wounded.
The howler monkey hits you.
You shoot a sling bullet.
The sling bullet hits the howler monkey.
The howler monkey is almost dead.
The howler monkey hits you. x2
You shoot a sling bullet.
The sling bullet hits the howler monkey.
You kill the howler monkey!
You shoot a sling bullet. The sling bullet hits the ogre.
The ogre is lightly wounded.
The ogre closely misses you. You furiously retaliate!
You headbutt the ogre, but do no damage.
You shoot a sling bullet. The sling bullet hits the ogre.
The ogre is moderately wounded.
The ogre hits you with a +0 giant spiked club!!
You shoot a sling bullet. The sling bullet hits the ogre.
The ogre is moderately wounded.
The ogre misses you.
You shoot a sling bullet. The sling bullet hits the ogre.
The ogre is heavily wounded.
The ogre hits you with a +0 giant spiked club!
You die...

### #######....
#..........
#..@O......
#######..........
#<....'.......>..
#######......##..
######## .


You could see an ogre.

Vanquished Creatures
  A howler monkey (D:4)
  Robin (D:2)
  5 adders
  A dart slug (D:1)
  2 orcs (D:3)
  6 bats
  4 endoplasms
  5 giant cockroaches
  15 goblins
  8 hobgoblins
  7 jackals
  7 kobolds
  A quokka (D:1)
  10 ball pythons
  A frilled lizard (D:1)
  3 rats
77 creatures vanquished.

Notes
Turn   | Place    | Note
-------+----------+-------------------------------------------
     0 | D:1      | qw the Minotaur Hexslinger began the quest for the Orb.
     0 | D:1      | Reached XP level 1. HP: 16/16 MP: 1/1
     0 | D:1      | 0 ||| qw: Version: 0.3-a-52-g30416fa
     0 | D:1      | 0 ||| qw: Game counter: 5039
     0 | D:1      | 0 ||| qw: Melee chars always use a shield: true
     0 | D:1      | 0 ||| qw: God list: Okawaru
     0 | D:1      | 0 ||| qw: Allow faded altars: false
     0 | D:1      | 0 ||| qw: Do Orc after clearing Dungeon:15 true
     0 | D:1      | 0 ||| qw: Do second Lair branch before Depths: true
     0 | D:1      | 0 ||| qw: Lair rune preference: random
     0 | D:1      | 0 ||| qw: Goals: Normal
     0 | D:1      | 0 ||| PLANNING D:1-11
    38 | D:1      | Found a faded altar of an unknown god.
    93 | D:1      | Reached skill level 3 in Ranged Weapons
    93 | D:1      | Reached XP level 2. HP: 23/23 MP: 2/2
   279 | D:1      | 279 ||| UPGRADING to +0 cloak.
   409 | D:1      | 409 ||| READING scroll labelled ANLITA PYFOB.
   410 | D:1      | 410 ||| DROPPING scroll of poison.
   460 | D:1      | Reached XP level 3. HP: 29/29 MP: 3/3
   879 | D:1      | 879 ||| UPGRADING to +0 leather armour.
   889 | D:1      | 889 ||| DROPPING +0 robe.
   890 | D:1      | 890 ||| READING scroll labelled FIGIN CIESKYMU.
   891 | D:1      | 891 ||| READING scroll labelled HADGHE ADYSOOMA.
   892 | D:1      | 892 ||| READING scroll labelled ZAIP RISUNG.
   973 | D:2      | Reached skill level 4 in Ranged Weapons
  1026 | D:2      | HP: 7/29 [poisoned by a goblin]
  1031 | D:2      | HP: 4/29 [poisoned by a goblin]
  1060 | D:2      | Noticed Robin
  1066 | D:2      | Killed Robin
  1067 | D:2      | 1067 ||| FLEEEEING.
  1068 | D:2      | 1068 ||| FLEEEEING.
  1071 | D:2      | Reached XP level 4. HP: 17/36 MP: 4/4
  1074 | D:2      | HP: 6/36 [hobgoblin[Robin] (5)]
  1484 | D:2      | Reached skill level 5 in Ranged Weapons
  1735 | D:2      | 1735 ||| UPGRADING to +0 ring mail.
  1745 | D:2      | 1745 ||| DROPPING +0 leather armour.
  1746 | D:2      | 1746 ||| READING 2 scrolls labelled ALOYCU YPPEF.
  1747 | D:2      | 1747 ||| READING 2 scrolls labelled ASHRUF DUIGATUO.
  1748 | D:2      | 1748 ||| READING scroll labelled BUONUS MIEXKAA.
  1749 | D:2      | 1749 ||| DRINKING 2 purple potions.
  1750 | D:2      | 1750 ||| DROPPING potion of attraction.
  1751 | D:2      | 1751 ||| DROPPING scroll of immolation.
  1752 | D:2      | 1752 ||| DROPPING scroll of amnesia.
  2263 | D:3      | Reached skill level 1 in Armour
  2326 | D:3      | Found a runed translucent door.
  2327 | D:3      | Noticed Crazy Yiuf
  2613 | D:3      | 2613 ||| READING scroll labelled GIDEINU GUTTAT.
  2614 | D:3      | 2614 ||| DRINKING 2 pink potions.
  2615 | D:3      | 2615 ||| DRINKING 2 sapphire potions.
  2616 | D:3      | 2616 ||| READING 2 scrolls of identify.
  2616 | D:3      | 2616 ||| IDENTIFYING red potion
  2617 | D:3      | 2617 ||| DROPPING potion of brilliance.
  2651 | D:4      | Reached skill level 3 in Fighting
  2651 | D:4      | Reached XP level 5. HP: 45/45 MP: 5/5
  2663 | D:4      | Noticed an ogre
  2672 | D:4      | Slain by an ogre

Levels and vault maps discovered:
D:1:      heliophobic_arrival_henge, layout_basic,
          nicolae_ecumenical_lake_church, serial_glass, glass_columns_c,
          glass_columns_a, glass_columns_a, glass_columns_b, glass_columns_b,
          glass_columns_a, glass_columns_c, glass_columns_b, glass_columns_a,
          glass_columns_c, glass_columns_a, glass_columns_c, glass_columns_a,
          glass_columns_a, minmay_strange_pillars, minmay_strange_pillars,
          item_on_display_a, minmay_strange_pillars
D:2:      layout_rooms, hangedman_decor_clover_reticule, minmay_quadrilaterals,
          uniq_robin
D:3:      layout_basic, kennysheep_generic_room_14, uniq_crazy_yiuf_cottage
D:4:      layout_basic, lemuel_blue_sif_altar, temple_pool_b

Skill      XL: |  1  2  3  4 |
---------------+-------------+-----
Ranged Weapons | 3 4 5 |  5.4
Fighting       | 2 3 |  3.0
Armour         | 1 |  1.0
Dodging        | |  2.1
Spellcasting   | |  1.0
Hexes          | |  2.0

Action                     |  1- 3 |  4- 6 || total
---------------------------+-------+-------++-------
   Fire: Sling             |   123 |   109 ||   232
    Use: Scroll            |     4 |     5 ||     9
         Potion            |       |     3 ||     3
 Armour: Robe              |    11 |       ||    11
         Leather armour    |     8 |     7 ||    15
         Ring mail         |       |     5 ||     5
  Dodge: Dodged            |    46 |    35 ||    81

Table legend:
 A = Non-vault XP
 B = Vault XP
 C = Vault XP percentage of total XP
 D = Non-vault monster count
 E = Vault monster count
 F = Vault count percentage of total count
                 A         B        C        D         E       F
            +---------+---------+-------+---------+---------+-------
      Total |     189 |      74 |  28.1 |      58 |      19 |  24.7
            +---------+---------+-------+---------+---------+-------
        D:1 |      42 |       0 |   0.0 |      24 |       0 |   0.0
        D:2 |      58 |      69 |  54.3 |      21 |      17 |  44.7
        D:3 |      21 |       5 |  19.2 |      11 |       2 |  15.4
        D:4 |      68 |       0 |   0.0 |       2 |       0 |   0.0
            +---------+---------+-------+---------+---------+-------
